[Event "WSTCC-50 2024"]
[Site "Krakow"]
[Date "2024.07.07"]
[Round "6.8"]
[White "Novikov, Igor"]
[Black "Townsend, M Paul"]
[Result "1-0"]
[ECO "D37"]
[WhiteElo "2509"]
[BlackElo "2147"]
[Annotator "TA"]
[PlyCount "75"]
[EventDate "2024.07.01"]
[EventType "team-tourn"]
[EventCountry "POL"]
[SourceTitle "playchess.com"]
[Source "ChessBase"]
[SourceQuality "1"]
[TimeControl "40/5400+30:1800+30"]

1. d4 e6 2. c4 Nf6 3. Nf3 d5 4. Nc3 a6 5. cxd5 exd5 6. Bg5 Be6 7. e3 Nbd7 8. Bd3 {[%emt 0:01:30] White has an edge.} Bd6 9. Bf4 Bxf4 10. exf4 {[%emt 0:00:04] Strongly threatening f5.} Bg4 11. Qe2+ Kf8 $1 12. O-O c6 13. Rfe1 g6 14. h3 Bxf3 15. Qxf3 Kg7 16. g4 Qc7 17. Re3 Qb6 18. Ne2 Rhe8 19. g5 Nh5 20. f5 Qb4 21. Rd1 (21. Nf4 {with more complications.} Qxd4 22. Nxh5+ gxh5 23. f6+) 21... Qd6 22. Re1 {[%emt 0:01:13] Ng3 is the strong threat.} Kg8 (22... Rxe3 {simplifies} 23. Qxe3 Kg8 24. Ng3 Ng7) 23. a3 Re7 24. f6 (24. Ng3 $14 Rxe3 25. Qxe3) 24... Rxe3 25. fxe3 (25. Qxe3 {simplifies} Nf8 26. f4 Qe6 27. Qxe6 Nxe6 28. Rf1) 25... Nf8 26. Bf5 gxf5 (26... Nxf6 $11 {keeps the balance.} 27. gxf6 gxf5) 27. Qxh5 $16 Ng6 {[%emt 0:00:29] [#]} 28. Qh6 {[%emt 0:08:29] White is more active.} (28. Rf1 $1 $16) 28... Qf8 $11 {[%emt 0:00:08] Black is weak on the dark squares} 29. Qxf8+ Kxf8 {[%emt 0:01:00][%mdl 4096] Endgame. KRN-KRN} (29... Rxf8 $11 30. Kf2 h6) 30. Kf2 Re8 {[%emt 0:00:28] [#]} ({Black should play} 30... Kg8 $1 $14) 31. h4 $1 $16 Nxh4 (31... f4) 32. Rh1 $18 Ng6 (32... Re4 33. Nf4 Ng6 34. Rxh7) 33. Rxh7 Kg8 (33... Re4 {was worth a try.} 34. Nf4 a5) 34. Rg7+ Kf8 35. Ng3 (35. Nf4 Nxf4 36. exf4 Re4 $11) 35... f4 (35... Ne7 36. b3 (36. fxe7+ $2 {loses.} Kxg7 37. Nxf5+ Kg6 $19) (36. Rh7 Kg8 $18) 36... a5) 36. exf4 {[%emt 0:01:23] And now Nf5 would win. White is clearly winning.} Nxf4 37. Nf5 {[%emt 0:00:37] Hoping for Nh6.} Rd8 38. Nh6 {[%emt 0:00:29] Weighted Error Value: White=0.13 (very precise) /Black=0.35.  Mistake:       	White=2     	Black=6      Inaccurate:     	White=3     	Black=4      OK:         	White=10    	Black=6      Best:        	White=4     	Black=3      Strong:       	White=1     	Black=1} 1-0

[Event "WSTCC-50 2024"]
[Site "Krakow"]
[Date "2024.07.07"]
[Round "6.8"]
[White "Pieper, Thomas"]
[Black "Harstad, Christian"]
[Result "1-0"]
[ECO "B33"]
[WhiteElo "2170"]
[BlackElo "1917"]
[Annotator "RC"]
[PlyCount "83"]
[EventDate "2024.07.01"]
[EventType "team-tourn"]
[EventCountry "POL"]
[SourceTitle "playchess.com"]
[Source "ChessBase"]
[SourceQuality "1"]
[TimeControl "40/5400+30:1800+30"]

1. e4 c5 2. Nf3 Nc6 3. d4 cxd4 4. Nxd4 Nf6 5. Nc3 e5 6. Ndb5 d6 7. Bg5 a6 8. Na3 b5 9. Nd5 Be7 10. Bxf6 Bxf6 11. c4 b4 12. Nc2 O-O 13. h4 g6 14. g3 Bg7 15. Bg2 a5 16. Qd2 Nb8 17. Rd1 Ra6 18. Qg5 f6 19. Qe3 Be6 20. a3 Bxd5 21. Rxd5 Nd7 22. h5 Nb6 23. Rd2 Qc7 24. hxg6 hxg6 25. Bf1 Raa8 26. axb4 axb4 27. Qd3 d5 28. cxd5 Qd6 29. Bh3 Bh6 30. Re2 Na4 31. Ne3 Nc5 32. Qb1 Bxe3 33. Rxe3 f5 34. exf5 Qxd5 35. O-O gxf5 36. Bxf5 Rad8 37. Bh3 Rf6 38. Qe1 Nd3 39. Qe2 Nc5 40. Rxe5 Qd4 41. Rg5+ Kf8 42. Qh5 1-0

[Event "WSTCC-50 2024"]
[Site "Krakow"]
[Date "2024.07.07"]
[Round "6.8"]
[White "Thomas, Gary"]
[Black "Kozma, Edit"]
[Result "1/2-1/2"]
[ECO "B50"]
[WhiteElo "1865"]
[BlackElo "1859"]
[Annotator "NA RC"]
[PlyCount "26"]
[EventDate "2024.07.01"]
[EventType "team-tourn"]
[EventCountry "POL"]
[SourceTitle "playchess.com"]
[Source "ChessBase"]
[SourceQuality "1"]
[TimeControl "40/5400+30:1800+30"]

1. e4 c5 2. Nf3 d6 3. c3 Nf6 4. Be2 g6 5. h3 Bg7 6. O-O O-O 7. d3 Nc6 8. Be3 c4 9. Nbd2 cxd3 10. Bxd3 Bd7 11. Qe2 Qc7 12. Nd4 Bc8 13. N4f3 Bd7 1/2-1/2

[Event "WSTCC-50 2024"]
[Site "Krakow"]
[Date "2024.07.07"]
[Round "6.9"]
[White "David, Alberto"]
[Black "Oratovsky, Michael"]
[Result "1/2-1/2"]
[ECO "B43"]
[WhiteElo "2502"]
[BlackElo "2417"]
[Annotator "TA"]
[PlyCount "32"]
[EventDate "2024.07.01"]
[EventType "team-tourn"]
[EventCountry "POL"]
[SourceTitle "playchess.com"]
[Source "ChessBase"]
[SourceQuality "1"]
[TimeControl "40/5400+30:1800+30"]

1. e4 c5 2. Nf3 e6 3. d4 cxd4 4. Nxd4 a6 5. Nc3 b5 6. Bd3 Bb7 7. O-O Nc6 8. Nxc6 Bxc6 9. Re1 Ne7 10. Be3 Ng6 11. a4 {[%emt 0:00:59][%cal Ra4b5] White is slightly better.} (11. Bf1 $5) 11... Bb4 12. axb5 {[%emt 0:17:18] The position is equal.} axb5 13. Rxa8 Qxa8 14. Bxb5 Bxc3 ({Don't play} 14... Bxb5 15. Nxb5 O-O 16. c3 $16) 15. Bxc6 Qxc6 16. bxc3 O-O {[%emt 0:02:33] Weighted Error Value: White=0.03 (flawless) /Black=0.00 (flawless) .  OK:         	White=2     	Black=4      Best:        	White=1     	---} 1/2-1/2

[Event "WSTCC-50 2024"]
[Site "Krakow"]
[Date "2024.07.07"]
[Round "6.9"]
[White "Mitchell, Martin"]
[Black "Slabek, Grzegorz"]
[Result "1-0"]
[ECO "D02"]
[WhiteElo "2159"]
[BlackElo "1962"]
[Annotator "RC"]
[PlyCount "120"]
[EventDate "2024.07.01"]
[EventType "team-tourn"]
[EventCountry "POL"]
[SourceTitle "playchess.com"]
[Source "ChessBase"]
[SourceQuality "1"]
[TimeControl "40/5400+30:1800+30"]

1. d4 d5 2. Nf3 Nf6 3. Bf4 c6 4. e3 Bg4 5. Nbd2 e6 6. h3 Bh5 7. g4 Bg6 8. Ne5 Nfd7 9. Nxg6 hxg6 10. c3 c5 11. Bd3 Nc6 12. Qe2 g5 13. Bg3 Nf6 14. Bb5 Bd6 15. dxc5 Bxc5 16. e4 a6 17. Ba4 b5 18. Bc2 Kf8 19. O-O-O Qe7 20. exd5 exd5 21. Qxe7+ Bxe7 22. Nf3 Rd8 23. Nxg5 b4 24. Ba4 Rc8 25. cxb4 Nxg4 26. hxg4 Bxg5+ 27. Kb1 Rxh1 28. Rxh1 Kg8 29. Rh5 Bd2 30. Rxd5 Bxb4 31. Rd7 Nd8 32. a3 Be1 33. Ra7 Ne6 34. Rxa6 Nd4 35. Rd6 Ne2 36. Rd1 Ba5 37. Bd6 Bb6 38. f3 Nd4 39. f4 Ra8 40. b3 f6 41. Kb2 Kf7 42. Bb4 Rc8 43. Rd2 Ke6 44. Bd7+ Kxd7 45. Bc3 Kc6 46. Bxd4 Bc7 47. f5 Re8 48. Rc2+ Kd7 49. g5 fxg5 50. Bxg7 g4 51. f6 Be5+ 52. Ka2 Re6 53. Rg2 g3 54. b4 Ke8 55. f7+ Kxf7 56. Bxe5 Rxe5 57. Rxg3 Ke6 58. Rd3 Re1 59. Kb3 Ke5 60. a4 Rb1+ 1-0

[Event "WSTCC-50 2024"]
[Site "Krakow"]
[Date "2024.07.07"]
[Round "6.9"]
[White "Dettmann, Gerd"]
[Black "Lalic, Susan K"]
[Result "1/2-1/2"]
[ECO "C07"]
[WhiteElo "2121"]
[BlackElo "2235"]
[Annotator "TA"]
[PlyCount "64"]
[EventDate "2024.07.01"]
[EventType "team-tourn"]
[EventCountry "POL"]
[SourceTitle "playchess.com"]
[Source "ChessBase"]
[SourceQuality "1"]
[TimeControl "40/5400+30:1800+30"]

1. e4 e6 2. d4 d5 3. Nd2 c5 4. exd5 Qxd5 5. Ngf3 cxd4 6. Bc4 Qd6 7. O-O Nf6 8. Nb3 Nc6 9. Nbxd4 Nxd4 10. Qxd4 Qxd4 11. Nxd4 a6 12. Re1 Bc5 13. Nb3 Bd6 14. Bg5 b5 15. Bd3 Bb7 16. a4 b4 17. Na5 Bd5 18. Bc4 Bxc4 19. Nxc4 Rd8 (19... Be7 {simplifies} 20. Rad1 Rd8 21. Rxd8+ Kxd8 22. Be3 Nd5) 20. Rad1 Ke7 {[%emt 0:12:49] [#]} (20... Be7 $11) 21. Rd3 {[%emt 0:03:40] White has more active pieces.} ({Better is} 21. Be3 $1 $16 {Strongly threatening Rxd6.} Bc7 22. Bc5+ Ke8 23. Bxb4) 21... Bc5 $11 22. Red1 Rxd3 23. Rxd3 h6 24. Bxf6+ gxf6 {[%emt 0:00:03][%mdl 4096] Endgame. KRB-KRN} 25. Kf1 Rg8 (25... h5 $11 {should be considered.}) 26. g3 (26. Rh3 $14) 26... h5 {[%emt 0:04:18] The position is equal.} 27. h3 Rc8 28. b3 f5 29. Ke2 h4 30. Kf3 hxg3 31. fxg3 Kf6 32. Kf4 Bf8 {[%emt 0:04:32] Weighted Error Value: White=0.16 (very precise) /Black=0.17 (very precise) .  Mistake:       	White=2     	Black=2      Inaccurate:     	---       	Black=1      OK:         	White=8     	Black=8} 1/2-1/2

[Event "WSTCC-50 2024"]
[Site "Krakow"]
[Date "2024.07.07"]
[Round "6.10"]
[White "Kaspi, Alexander"]
[Black "Godena, Michele"]
[Result "1/2-1/2"]
[ECO "D11"]
[WhiteElo "2365"]
[BlackElo "2426"]
[Annotator "TA"]
[PlyCount "23"]
[EventDate "2024.07.01"]
[EventType "team-tourn"]
[EventCountry "POL"]
[SourceTitle "playchess.com"]
[Source "ChessBase"]
[SourceQuality "1"]
[TimeControl "40/5400+30:1800+30"]

1. d4 d5 2. c4 c6 3. Nf3 Nf6 4. Qb3 e6 5. g3 c5 {[%emt 0:02:26] The position is equal.} 6. cxd5 exd5 7. Bg2 Nc6 8. dxc5 Bxc5 9. O-O O-O 10. Bg5 d4 {[%emt 0:03:25] Against Nc3} 11. Nbd2 Re8 12. Qc2 {[%emt 0:03:43] Not much happened in this game.   Weighted Error Value: White=0.01 (flawless) /Black=0.04 (flawless) .  OK:         	White=4     	Black=3} 1/2-1/2

[Event "WSTCC-50 2024"]
[Site "Krakow"]
[Date "2024.07.07"]
[Round "6.10"]
[White "Lauterbach, Ingrid"]
[Black "Moritz, Hartmut"]
[Result "1-0"]
[ECO "A04"]
[WhiteElo "2023"]
[BlackElo "2002"]
[Annotator "NA RC"]
[PlyCount "59"]
[EventDate "2024.07.01"]
[EventType "team-tourn"]
[EventCountry "POL"]
[SourceTitle "playchess.com"]
[Source "ChessBase"]
[SourceQuality "1"]
[TimeControl "40/5400+30:1800+30"]

1. Nf3 b6 2. d3 f5 3. e4 e6 4. c3 Bb7 5. Nbd2 Nf6 6. e5 Ng4 7. d4 d5 8. Nb3 h5 9. Ng5 Qe7 10. h3 Nh6 11. Qxh5+ Nf7 12. Qg6 Bc8 13. Bb5+ c6 14. Be2 Bd7 15. Nh7 Kd8 16. g4 Be8 17. Nxf8 Qxf8 18. Qxe6 Bd7 19. Qg6 Nh6 20. e6 Be8 21. Qg5+ Qe7 22. gxf5 Rf8 23. Bd3 Ng8 24. Rg1 Nh6 25. Qg2 Nd7 26. Qxg7 Qxg7 27. Rxg7 Nxf5 28. Bxf5 Rxf5 29. exd7 Bxd7 30. Bg5+ 1-0

[Event "WSTCC-50 2024"]
[Site "Krakow"]
[Date "2024.07.07"]
[Round "6.10"]
[White "Kawula, Andrzej"]
[Black "Hulme, William"]
[Result "1/2-1/2"]
[ECO "D59"]
[WhiteElo "1847"]
[BlackElo "1941"]
[Annotator "RC"]
[PlyCount "130"]
[EventDate "2024.07.01"]
[EventType "team-tourn"]
[EventCountry "POL"]
[SourceTitle "playchess.com"]
[Source "ChessBase"]
[SourceQuality "1"]
[TimeControl "40/5400+30:1800+30"]

1. d4 Nf6 2. c4 e6 3. Bg5 d5 4. Nf3 Be7 5. e3 h6 6. Bh4 O-O 7. Nc3 b6 8. cxd5 Nxd5 9. Bxe7 Qxe7 10. Nxd5 exd5 11. Be2 Be6 12. O-O c5 13. Rc1 c4 14. Ne5 b5 15. f4 Bf5 16. Bf3 Rd8 17. Bxd5 Rxd5 18. Qf3 Qe6 19. e4 Bxe4 20. Qxe4 Nc6 21. f5 Qd6 22. Nxc6 Qxc6 23. f6 Re8 24. Qf3 gxf6 25. Qxf6 Qxf6 26. Rxf6 Rxd4 27. Rcf1 Re7 28. h3 Rd2 29. R1f3 Rxb2 30. Rxh6 Re1+ 31. Kh2 Rxa2 32. Rg3+ Kf8 33. Rh8+ Ke7 34. Rb8 a6 35. Rb7+ Ke6 36. h4 Re5 37. Rg8 Rf5 38. Kh3 Kd5 39. g3 Kc5 40. Kg4 Rf1 41. h5 c3 42. Rc8+ Kb4 43. h6 c2 44. Rbc7 Rh1 45. Kg5 Ra3 46. g4 Rah3 47. Rxc2 Rxh6 48. Rf2 Rg6+ 49. Kf5 Rd6 50. Rf4+ Kb3 51. Re8 Rhd1 52. Kg5 R1d5+ 53. Kh4 Rh6+ 54. Kg3 Rd3+ 55. Kg2 Rg6 56. Re7 Rg7 57. Kf2 Rh7 58. Ke2 Rc3 59. Rexf7 Rxf7 60. Rxf7 b4 61. g5 Rg3 62. Rf3+ Rxf3 63. Kxf3 Kc3 64. g6 b3 65. g7 b2 1/2-1/2

[Event "WSTCC-50 2024"]
[Site "Krakow"]
[Date "2024.07.07"]
[Round "6.11"]
[White "Ortega, Lexy"]
[Black "Fleish, Felix"]
[Result "1-0"]
[ECO "E92"]
[WhiteElo "2386"]
[BlackElo "2161"]
[Annotator "TA"]
[PlyCount "81"]
[EventDate "2024.07.01"]
[EventType "team-tourn"]
[EventCountry "POL"]
[SourceTitle "playchess.com"]
[Source "ChessBase"]
[SourceQuality "1"]
[TimeControl "40/5400+30:1800+30"]

1. d4 Nf6 2. Nf3 g6 3. c4 Bg7 4. Nc3 O-O 5. e4 d6 6. Be2 e5 7. d5 a5 8. Bg5 h6 9. Be3 Ng4 10. Bd2 f5 11. h3 Nf6 {[%emt 0:00:11] White has an edge.} 12. exf5 gxf5 13. g4 fxg4 14. hxg4 Nxg4 {[%emt 0:00:05][%cal Oe5e4] Strongly threatening ...e4!} 15. Ne4 (15. Be3 {simplifies} Nxe3 16. fxe3 Nd7 17. Qd2) 15... Na6 {[%emt 0:00:35] ...Nc5 is the strong threat.} 16. Nh4 $1 (16. Bxa5 $2 Rf4 17. Ng3 e4 $19) 16... Nc5 $1 17. Bxg4 (17. Nxc5 $2 Nxf2 18. Ne6 Bxe6 19. dxe6 Nxh1 $19 (19... Nxd1 $2 20. Rxd1 Qf6 21. Rc1 $19)) 17... Nxe4 18. Be3 Qf6 {[%emt 0:02:11] Dodges Ng6} 19. Bxc8 Raxc8 20. Qc2 $36 {[%emt 0:06:27][%mdl 2048] White has the initiative.} Nc5 21. O-O-O {[%emt 0:16:41] Black must now prevent Rdg1.} e4 22. Rdg1 {[%emt 0:01:33] Hoping for Rg6.} (22. Kb1 {keeps more tension.} Nd3 23. Rdg1 Kf7 24. Bc1) 22... Nd3+ 23. Kb1 Ne5 {[%emt 0:00:20] Prevents Rg6. A mistake that costs the game.} (23... Nxf2 $2 24. Rh2 Rce8 (24... Nd3 $2 25. Rhg2 $18) 25. Bxf2 $18) (23... Kf7 $1 $14) 24. Qxe4 {[%emt 0:08:54][%cal Oe3h6] Bxh6! would now be deadly.} Nf3 $2 {[%emt 0:05:59] [#]} (24... Ng6 {is more resistant.} 25. Bd4 (25. Nxg6 $2 Qxb2#) 25... Qxd4 26. Qxd4 (26. Qxg6 $2 Qxb2#) (26. Qe6+ $2 Rf7 $19) 26... Bxd4) 25. Rxg7+ $1 $18 Qxg7 26. Nf5 ({Worse is} 26. Nxf3 Rce8 27. Qh4 Qg6+ (27... Rxf3 28. Bxh6 Qh7+ 29. Kc1 $11) 28. Ka1 Rxf3 $11) 26... Rce8 27. Qxf3 Qg6 {[%emt 0:00:10] [#]} 28. Qg4 Qxg4 (28... Kf7 29. Qxg6+) 29. Nxh6+ Kg7 30. Nxg4 Kg6 31. Rg1 Kf5 32. Kc2 Re4 33. Nh6+ Kf6 34. Kd3 Rfe8 35. Bd4+ Rxd4+ 36. Kxd4 {[%emt 0:00:02] KRN-KR} Re2 37. f4 {[%emt 0:01:43][%cal Bf2f4,Bf4f5][%mdl 32] And now f5 would win.} Rxb2 38. f5 {[%emt 0:00:11] White mates.} Rd2+ 39. Ke3 Rxa2 40. Rg6+ Ke5 41. Re6# {[%emt 0:30:10] Weighted Error Value: White=0.29 (precise) /Black=0.70.  Mistake:       	---       	Black=2      Inaccurate:     	White=2     	Black=1      OK:         	White=12    	Black=5      Best:        	White=4     	Black=3      Strong:       	White=1     	Black=1      Brilliant:      	White=1     	---} 1-0

[Event "WSTCC-50 2024"]
[Site "Krakow"]
[Date "2024.07.07"]
[Round "6.11"]
[White "Dettmann, Holger"]
[Black "Regan, Natasha K"]
[Result "1/2-1/2"]
[ECO "A04"]
[WhiteElo "1965"]
[BlackElo "2015"]
[Annotator "NA RC"]
[PlyCount "53"]
[EventDate "2024.07.01"]
[EventType "team-tourn"]
[EventCountry "POL"]
[SourceTitle "playchess.com"]
[Source "ChessBase"]
[SourceQuality "1"]
[TimeControl "40/5400+30:1800+30"]

1. Nf3 f5 2. g3 Nf6 3. Bg2 g6 4. b3 Bg7 5. Bb2 d6 6. O-O e5 7. c4 O-O 8. Nc3 Nc6 9. d4 e4 10. Ne1 Qe8 11. e3 g5 12. Nc2 Bd7 13. f4 exf3 14. Bxf3 Ng4 15. Nd5 Rc8 16. Bxg4 fxg4 17. Rxf8+ Qxf8 18. Qd3 Qf5 19. e4 Qf3 20. Qxf3 gxf3 21. Kf2 g4 22. Re1 Kf7 23. Nf4 Re8 24. Nd5 Rc8 25. Nf4 Re8 26. Nd5 Rc8 27. Nf4 1/2-1/2

[Event "WSTCC-50 2024"]
[Site "Krakow"]
[Date "2024.07.07"]
[Round "6.11"]
[White "Dawson, Alastair"]
[Black "Czernicki, Bogdan"]
[Result "1/2-1/2"]
[ECO "A04"]
[WhiteElo "1850"]
[BlackElo "1886"]
[Annotator "NA RC"]
[PlyCount "27"]
[EventDate "2024.07.01"]
[EventType "team-tourn"]
[EventCountry "POL"]
[SourceTitle "playchess.com"]
[Source "ChessBase"]
[SourceQuality "1"]
[TimeControl "40/5400+30:1800+30"]

1. Nf3 c5 2. c4 Nc6 3. Nc3 e5 4. g3 d6 5. Bg2 h6 6. d3 Be6 7. a3 a5 8. Nd5 g6 9. e4 Bg7 10. Be3 Nge7 11. Qd2 Nd4 12. Bxd4 cxd4 13. O-O O-O 14. b4 1/2-1/2

[Event "WSTCC-50 2024"]
[Site "Krakow"]
[Date "2024.07.07"]
[Round "6.12"]
[White "Jackson, Sheila"]
[Black "Van Bentum, Horst"]
[Result "1/2-1/2"]
[ECO "C50"]
[WhiteElo "1988"]
[BlackElo "1951"]
[Annotator "NA RC"]
[PlyCount "32"]
[EventDate "2024.07.01"]
[EventType "team-tourn"]
[EventCountry "POL"]
[SourceTitle "playchess.com"]
[Source "ChessBase"]
[SourceQuality "1"]
[TimeControl "40/5400+30:1800+30"]

1. e4 e5 2. Nf3 Nc6 3. Bc4 Be7 4. d4 d6 5. dxe5 dxe5 6. Qxd8+ Bxd8 7. c3 Nf6 8. Nbd2 O-O 9. O-O Be7 10. Re1 Bd6 11. b4 a5 12. b5 Ne7 13. a4 Ng6 14. g3 Re8 15. Kg2 h6 16. Bf1 b6 1/2-1/2

[Event "WSTCC-50 2024"]
[Site "Krakow"]
[Date "2024.07.07"]
[Round "6.12"]
[White "Bulkovstein, David"]
[Black "D'Amore, Carlo"]
[Result "0-1"]
[ECO "B06"]
[WhiteElo "1842"]
[BlackElo "2357"]
[Annotator "TA"]
[PlyCount "58"]
[EventDate "2024.07.01"]
[EventType "team-tourn"]
[EventCountry "POL"]
[SourceTitle "playchess.com"]
[Source "ChessBase"]
[SourceQuality "1"]
[TimeControl "40/5400+30:1800+30"]

1. e4 g6 2. d4 Bg7 3. Nc3 d6 4. Be3 a6 5. Qd2 b5 6. a3 Bb7 7. h4 h6 (7... h5 $11) 8. Nge2 (8. O-O-O $14) 8... Nd7 (8... h5 $11) 9. h5 $16 g5 10. g4 (10. d5 $14) 10... e6 11. Ng3 Ne7 ({Vorzuziehen ist} 11... c5 $11) 12. b4 $2 (12. f4 $14 {behält die Oberhand.}) 12... c5 $17 13. bxc5 (13. Rd1 $17) 13... dxc5 $19 14. Nce2 cxd4 15. Nxd4 Ne5 16. Be2 Rc8 17. O-O Nc4 {[%emt 0:04:44] Schwarz steht aktiver.} 18. Bxc4 Rxc4 19. Rfd1 {[%emt 0:04:01][%cal Od4e6] [#] Und Nxe6! würde nun gewinnen.} Qc8 20. Ra2 (20. f3 $142) 20... O-O {[%emt 0:02:28][%cal Of7f5] Droht ...f5! und aus.} 21. Nb3 $2 (21. c3 {ist eine bessere Verteidigung.}) 21... Bxe4 {[%emt 0:02:42] Schwarz steht klar auf Gewinn.} 22. Nxe4 Rxe4 23. f3 Rc4 24. Qd7 {[%emt 0:07:15] [#]} (24. Qf2 $142) 24... Qa8 $1 25. Kf2 (25. Rf1 Nd5) 25... Nd5 26. Rd3 Qb8 27. Kg2 {[%emt 0:00:58] Lässt Qh2+ nicht zu} Rd8 28. Qa7 Qxa7 29. Bxa7 Nf4+ {[%emt 0:00:06] Gewichteter Fehlerwert: Weiß=0.83/Schwarz=0.39.  Fehler:       	Weiß=7     	Schwarz=3     Ungenau:       	Weiß=1     	---        OK:         	Weiß=3     	Schwarz=6     Bester:       	Weiß=1     	Schwarz=3} 0-1

[Event "WSTCC-50 2024"]
[Site "Krakow"]
[Date "2024.07.07"]
[Round "6.12"]
[White "Skorecki, Janusz"]
[Black "Aird, Ian"]
[Result "0-1"]
[ECO "C58"]
[WhiteElo "1729"]
[BlackElo "1840"]
[Annotator "NA RC"]
[PlyCount "46"]
[EventDate "2024.07.01"]
[EventType "team-tourn"]
[EventCountry "POL"]
[SourceTitle "playchess.com"]
[Source "ChessBase"]
[SourceQuality "1"]
[TimeControl "40/5400+30:1800+30"]

1. e4 e5 2. Nf3 Nc6 3. Bc4 Nf6 4. Ng5 d5 5. exd5 Na5 6. Bb5+ Bd7 7. Bxd7+ Qxd7 8. Nc3 Nxd5 9. Nxd5 Qxd5 10. O-O h6 11. Qf3 Rd8 12. Ne4 Be7 13. d3 O-O 14. Qg3 Kh8 15. Re1 Nc6 16. Qh3 Qd7 17. Qh5 Qe6 18. Ng3 Qg6 19. Qh3 f5 20. f4 Bc5+ 21. Kh1 Bd6 22. fxe5 Bxe5 23. Nh5 Qg4 0-1

[Event "WSTCC-50 2024"]
[Site "Krakow"]
[Date "2024.07.07"]
[Round "6.13"]
[White "Sokolin, Leonid"]
[Black "Adams, Michael"]
[Result "0-1"]
[ECO "C48"]
[WhiteElo "2454"]
[BlackElo "2670"]
[Annotator "TA"]
[PlyCount "56"]
[EventDate "2024.07.01"]
[EventType "team-tourn"]
[EventCountry "POL"]
[SourceTitle "playchess.com"]
[Source "ChessBase"]
[SourceQuality "1"]
[TimeControl "40/5400+30:1800+30"]

1. e4 e5 2. Nf3 Nc6 3. Nc3 Nf6 4. Bb5 Bc5 5. O-O O-O 6. Nxe5 Nxe5 7. d4 Bd6 8. f4 Neg4 9. h3 Bb4 {[%emt 0:01:14] next ...Bxc3 is good for Black.} 10. hxg4 {[%emt 0:00:14] [#] g5 is the strong threat.} Bxc3 {[%emt 0:00:58] The position is equal.} 11. bxc3 {[%emt 0:00:05] Threatens to win with e5.} Nxe4 12. Bd3 Re8 13. Qf3 f5 14. gxf5 d5 15. Qh3 {[%emt 0:03:32] Prevents Qh4} g6 16. g4 h5 {[%emt 0:01:50] [#] And now ...hxg4 would win.} 17. Qh2 (17. fxg6 {seems wilder.} Bxg4 18. Qh2 Qf6 19. f5) 17... Qf6 18. Re1 ({Much worse is} 18. gxh5 Bxf5 19. Rf3 Kg7 (19... Nxc3 $2 {perishes.} 20. hxg6 Qxg6+ 21. Rg3 $18) 20. h6+ Kh7 $17) 18... hxg4 (18... Kg7 {is interesting.} 19. Bxe4 hxg4 20. fxg6 Rh8) 19. Bxe4 dxe4 (19... Kg7 {is more complex.} 20. fxg6 Rh8 21. Qg2 dxe4 22. Qxe4 Bf5) 20. fxg6 Qxg6 21. Rb1 b6 22. f5 Bxf5 23. Bf4 (23. Qxc7 $11 {keeps the balance.} Rac8 24. Qg3) 23... Re7 $17 24. Bxc7 $2 {[%emt 0:02:13][%mdl 8192] White does not recover from this.} (24. Qh6 $17 {is a better chance.}) 24... g3 $19 25. Bxg3 (25. Qxg3 $142 Rxc7 26. Qxg6+ Bxg6 27. Re3) 25... Rh7 26. Qf2 Rf8 27. Re3 {[%emt 0:07:11] White is weak on the light squares} Bg4 {[%emt 0:03:11][%cal Og4f3] ( -> ...Bf3!)} 28. Qd2 Bf3 {[%emt 0:00:57] Weighted Error Value: White=0.80/Black=0.07 (flawless) .  Loses game:     	White=1     	---        Mistake:       	White=2     	---        Inaccurate:     	White=4     	Black=2      OK:         	White=5     	Black=9      Best:        	---       	Black=2} 0-1

[Event "WSTCC-50 2024"]
[Site "Krakow"]
[Date "2024.07.07"]
[Round "6.13"]
[White "Tsiganova, Monika"]
[Black "Baginskaite, Kamile"]
[Result "1-0"]
[ECO "D38"]
[WhiteElo "1999"]
[BlackElo "2057"]
[Annotator "NA RC"]
[PlyCount "53"]
[EventDate "2024.07.01"]
[EventType "team-tourn"]
[EventCountry "POL"]
[SourceTitle "playchess.com"]
[Source "ChessBase"]
[SourceQuality "1"]
[TimeControl "40/5400+30:1800+30"]

1. d4 Nf6 2. c4 e6 3. Nf3 d5 4. Nc3 Bb4 5. cxd5 exd5 6. Bg5 h6 7. Bh4 Bf5 8. Qb3 Bxc3+ 9. bxc3 Nbd7 10. e3 O-O 11. Be2 c5 12. O-O c4 13. Qxb7 Qa5 14. Bg3 Qxc3 15. Bd6 Rfc8 16. Ne5 Nxe5 17. dxe5 Ne4 18. Qxd5 Qc2 19. Bf3 Nd2 20. Rfd1 c3 21. Rac1 Qb2 22. Qb7 Nxf3+ 23. Qxf3 Bc2 24. Re1 Ba4 25. e6 Qxa2 26. Qxf7+ Kh8 27. Be5 1-0

[Event "WSTCC-50 2024"]
[Site "Krakow"]
[Date "2024.07.07"]
[Round "6.13"]
[White "Skibbe, Diana"]
[Black "Rogowski, Jaroslaw"]
[Result "1/2-1/2"]
[ECO "B42"]
[WhiteElo "1942"]
[BlackElo "2149"]
[Annotator "RC"]
[PlyCount "51"]
[EventDate "2024.07.01"]
[EventType "team-tourn"]
[EventCountry "POL"]
[SourceTitle "playchess.com"]
[Source "ChessBase"]
[SourceQuality "1"]
[TimeControl "40/5400+30:1800+30"]

1. e4 c5 2. Nf3 e6 3. d4 cxd4 4. Nxd4 a6 5. Bd3 Qc7 6. O-O Nf6 7. Nc3 Nc6 8. Nxc6 bxc6 9. f4 d5 10. e5 Nd7 11. Na4 c5 12. c4 d4 13. b4 Bb7 14. bxc5 Qc6 15. Qc2 Bxc5 16. Nxc5 Nxc5 17. Rf3 Rc8 18. Bb2 Nxd3 19. Rxd3 Qxc4 20. Qxc4 Rxc4 21. Rad1 O-O 22. Rxd4 Rxd4 23. Rxd4 Bd5 24. a3 Rc8 25. Rd2 Rc4 26. g3 1/2-1/2